Unix NetHack Version 3.7.0-88 Work-in-progress - last build Aug 6 2023 13:40:22 (5c9c4c7fffe0d5f0a8b1342c2a36a56ed743986a,branch:master). Game began 2023-08-14 19:54:02, ended 2023-08-15 20:09:28. McPanther, chaotic male human Monk -------- ##.......| ------ --------------. -------#### |..!)..| |....| |...........%.| .......# ###........#######.....| ## |.............| |.....|1# # |{..(.[| |./..| ------.---- |.............| |.....| # |`.....| |....| |.|......*. ......+.......-######h.<...| # -.------ ##-%...| |.|.----.)| ------.-----|-- @e....@| # ## # ------ |.....{|..| # #-.----- # # # |.|-----..| ### # ## # ### # |.|.......| * ## # # # #### # |.|.......| # # ### ### # # # |.........| ##### # # # --.-----# |.--------| [ ### --|--- % |......|# ---- |.........| ---|------- # |...`|### |......|# |..| |.........%######...........#### |....|# |.%%...|##########...| |...*.....| |........)| |....|# |.......# # ---- ----------- |.........| |....-# |.`....| ----------- ------ --|----- # McPanther the Initiate St:18/01 Dx:14 Co:14 In:10 Wi:16 Ch:10 Chaotic S:24687 Dlvl:7 $:0 HP:0(74) Pw:33(39) AC:-6 Xp:9/4840 T:11297 Latest messages: The dwarf lord hurls a magenta potion! The magenta potion misses the floating eye. The phial crashes on your head and breaks into shards. The magenta potion evaporates. You feel somewhat dizzy. You feel less confused now. The dwarf lord throws 2 daggers! The 1st dagger hits the floating eye. The 2nd dagger misses the floating eye. The 2nd dagger misses you. The dwarf lord throws an orcish dagger! The orcish dagger misses the floating eye. An orcish dagger misses you. The dwarf lord wields a curved sword! The dwarf lord swings his curved sword. The dwarf lord hits! The dwarf lord swings his curved sword. The dwarf lord hits again! The dwarf lord swings his curved sword. The dwarf lord hits! The dwarf lord swings his curved sword. The dwarf lord misses! The dwarf lord swings his curved sword. The dwarf lord hits! The dwarf lord swings his curved sword. The dwarf lord hits again! The dwarf lord swings his curved sword. The dwarf lord hits! The dwarf lord swings his curved sword. The dwarf lord hits again! The dwarf lord swings his curved sword. The dwarf lord hits! The dwarf lord swings his curved sword. The dwarf lord hits again! The dwarf lord swings his curved sword. The dwarf lord misses! The dwarf lord swings his curved sword. The dwarf lord hits! The dwarf lord swings his curved sword. The dwarf lord hits! The dwarf lord swings his curved sword. The dwarf lord hits again! The dwarf lord swings his curved sword. The dwarf lord misses! The dwarf lord swings his curved sword. The dwarf lord hits! You die... Do you want your possessions identified? [ynq] (y) Do you want to see your attributes? [ynq] (y) Do you want an account of creatures vanquished? [ynaq] (y) Inventory: Amulets P - an uncursed amulet of guarding Weapons t - 2 +1 darts J - a +5 shuriken (at the ready) b - the rustproof +0 Stormbringer Armor q - a blessed rusty +3 orcish helm (being worn) a - a blessed +3 pair of leather gloves (being worn) l - an uncursed +1 pair of iron shoes (being worn) X - a blessed greased fireproof +2 cloak of magic resistance u - a blessed +4 robe (being worn) Comestibles j - an uncursed lizard corpse Rings F - an uncursed ring of fire resistance h - an uncursed +1 ring of gain strength D - an uncursed +1 ring of increase accuracy W - an uncursed ring of protection from shape changers Wands Z - a wand of create monster (0:5) T - a wand of striking (0:1) U - a wand of striking (0:0) o - a wand of teleportation (0:4) Tools A - an uncursed sack containing 30 items v - a cursed magic marker (0:31) x - an uncursed magic whistle w - a +0 pick-axe y - an uncursed skeleton key n - an uncursed towel R - a blessed +0 unicorn horn Gems/Stones K - 2 uncursed jasper stones B - a cursed jasper stone Q - an uncursed jet stone M - 2 uncursed opals H - a cursed worthless piece of black glass s - 2 uncursed worthless pieces of violet glass i - 8 uncursed worthless pieces of white glass N - 2 uncursed worthless pieces of yellow glass S - 2 uncursed worthless pieces of yellowish brown glass Contents of the sack: 4633 gold pieces an uncursed scroll of confuse monster an uncursed scroll of destroy armor a blessed scroll of earth an uncursed scroll of earth an uncursed scroll of enchant weapon an uncursed scroll of enchant weapon a blessed scroll of food detection named Uncursed 2 uncursed scrolls of gold detection an uncursed scroll of magic mapping an uncursed scroll of punishment 2 uncursed scrolls of teleportation an uncursed spellbook of cancellation an uncursed potion of booze an uncursed potion of extra healing an uncursed potion of full healing a cursed potion of gain ability 2 uncursed potions of healing an uncursed potion of polymorph an uncursed potion of see invisible a potion of holy water an uncursed potion of water a wand of cancellation (0:3) a wand of cold (0:4) a wand of digging (0:7) a wand of enlightenment (0:11) a cursed wand of enlightenment (0:12) a wand of magic missile (0:2) a wand of probing (0:5) 7 cursed tallow candles McPanther the Monk's attributes: Background: You were an Initiate, a level 9 male human Monk. You were chaotic, on a mission for Huan Ti who was opposed by Shan Lai Ching (lawful) and Chih Sung-tzu (neutral). You were in the Dungeons of Doom, on level 7. You entered the dungeon 11297 turns ago. There was a new moon in effect when your adventure ended. You had 4840 experience points, 280 more were needed to attain level 10. Your score was 24687 before end-of-game adjustments. Basics: You had 0 out of 74 hit points. You had 33 out of 39 energy points (spell power). Your armor class was -6. Your wallet was empty, but you had 4633 zorkmids stashed away in your pack. Autopickup was on for '$"?!=/' plus thrown, with exceptions. Final Characteristics: Your strength was 18/01 (limit:18/100). Your dexterity was 14 (limit:18). Your constitution was 14 (limit:18). Your intelligence was 10 (limit:18). Your wisdom was 16 (limit:18). Your charisma was 10 (limit:18). Final Status: You were not hungry. You were unencumbered. You were empty handed. You had expert skill with martial arts. Final Attributes: You were piously aligned. You were sleep resistant. You were poison resistant. You saw invisible. You were warned. You had automatic searching. You were stealthy. You were guarded. You were fast. You were lucky. You are dead. Miscellaneous: You encountered 1 bones level. Total elapsed playing time was 2 hours, 51 minutes and 1 second. Major events: Turn 1: McPanther the chaotic male human Monk entered the dungeon 729: attained the rank of Novice (level 3) 771: entered the Gnomish Mines 2179: read a Discworld novel 3534: attained the rank of Initiate (level 6) 4757: reached Mine Town 6502: entered Sokoban 6796: completed 1st Sokoban level 7191: completed 2nd Sokoban level 8967: destroyed WizzyTheWeird's ghost, the former Conjurer 9348: made his first wish - "blessed greased fireproof +2 cloak of magic resistance", got "a greased piece of cloth" 9691: destroyed puncake's ghost, the former Cutpurse 9873: was bestowed with Stormbringer by Huan Ti 10737: completed 3rd Sokoban level 11297: killed by a dwarf lord, while frozen by a floating eye's gaze Vanquished creatures: 3 ghosts 2 giant mimics a large mimic a quantum mechanic 2 tengu a leocrotta a quivering blob a cockatrice 9 wolves a winter wolf cub a spotted jelly 2 leprechauns an orc-captain an iron piercer a baby long worm a black light a gnome ruler an orc mummy 2 dwarf mummies a brown pudding 5 lizards a chickatrice a dog a dwarf leader 2 blue jellies a white unicorn a gray unicorn 3 ravens 2 gnome mummies 3 snakes 3 apes 3 human zombies 2 Woodland-elves a soldier ant 3 bugbears 2 wood nymphs 2 mountain nymphs 12 Mordor orcs 17 Uruk-hai an orc shaman 3 rock piercers 5 rock moles a pony 5 fog clouds 4 yellow lights 4 violet fungi 14 gnome leaders 3 gnomish wizards a gray ooze 2 ghouls a straw golem a paper golem 6 giant ants a little dog 7 floating eyes 2 kittens 13 dwarves a homunculus 3 kobold leaders 3 kobold shamans 10 rothes 2 rabid rats 3 centipedes 2 giant bats 4 orc zombies 3 dwarf zombies 2 wererats a werejackal 6 iguanas 3 killer bees 4 acid blobs 4 coyotes 3 hobbits a large kobold 3 hobgoblins a giant rat 4 cave spiders 2 brown molds a yellow mold 26 gnomes 2 gnome zombies 7 geckos 13 jackals 2 foxes 4 kobolds 4 goblins 3 sewer rats 10 grid bugs 5 bats 3 lichens 4 kobold zombies 7 newts 329 creatures vanquished. No species were genocided or became extinct. Voluntary challenges: You were vegetarian. You read items or engraved 51 times. You engraved Elbereth 1 time. You never genocided any monsters. You never polymorphed an object. You never changed form. You used 1 wish. You did not wish for any artifacts. You violated the special Sokoban rules once. Achievements: You entered a shop. You attained the rank of Novice. You entered the Gnomish Mines. You read from a Discworld novel. You attained the rank of Initiate. You entered Minetown. You entered a temple. You entered Sokoban. The Dungeons of Doom: levels 1 to 9 Level 1: Many fountains, a sink. Level 2: "Blanks !" Level 3: A scroll shop. Stairs down to The Gnomish Mines. Level 4: "treasure, hidden" Many altars to Huan Ti. Level 5: Many fountains. Oracle of Delphi. Level 6: A general store, a fountain. Stairs up to Sokoban, level 5. Level 7: "Cursed !" <- You were here. Some fountains, some graves. Final resting place for you, killed by a dwarf lord, while frozen by a floating eye's gaze, puncake-Rog-Orc-Mal-Cha, killed by a killer bee, WizzyTheWeird-Wiz-Hum-Mal-Neu, killed by a rock mole. Level 8: Level 9: A fountain. The Gnomish Mines: levels 4 to 6 Level 4: Level 5: Level 6: Many shops, a temple to Huan Ti, some fountains, some trees. Sokoban: levels 5 up to 2 Level 2: Unsolved. Level 3: Solved. Level 4: Solved. Level 5: Solved. Game over: ---------- / \ / REST \ / IN \ / PEACE \ / \ | McPanther | | 4633 Au | | killed by a | | dwarf lord | | | | | | 2023 | *| * * * | * _________)/\\_//(\/(/\)/\//\/|_)_______ Goodbye McPanther the Monk... You died in The Dungeons of Doom on dungeon level 7 with 24224 points, and 4633 pieces of gold, after 11297 moves. You were level 9 with a maximum of 74 hit points when you died.